 Dungeon Crawl Stone Soup version 0.20.0-10-g0535bb4 (webtiles) character file.

949 anfisbena the Cleaver (level 8, -5/73 HPs)
             Began as a Hill Orc Fighter on June 3, 2017.
             Was a Follower of Uskayaw.
             Slain by an iguana (9 damage)
             ... on level 6 of the Dungeon.
             The game lasted 00:04:41 (4733 turns).

anfisbena the Cleaver (Hill Orc Fighter)            Turns: 4733, Time: 00:04:42

Health: -5/73      AC: 10    Str: 19    XL:     8   Next: 13%
Magic:  8/8        EV:  5    Int:  8    God:    Uskayaw [*.....]
Gold:   191        SH:  9    Dex: 12    Spells: 7/7 levels left

rFire    . . .     SeeInvis +   a - +0 war axe
rCold    . . .     Gourm    .   c - +0 shield
rNeg     . . .     Faith    .   w - +0 chain mail
rPois    .         Spirit   .   (no helmet)
rElec    .         Reflect  .   (no cloak)
rCorr    .         Harm     .   t - +0 pair of gloves
MR       .....                  (no boots)
Stlth    ..........             (no amulet)
Regen    0.0/turn               (no ring)
MPRegen  0.2/turn               (no ring)

@: no status effects
A: see invisible, inhibited regeneration
a: Stomp, Renounce Religion


You were on level 6 of the Dungeon.
You worshipped Uskayaw.
Uskayaw was noncommittal.
You were hungry.

You visited 2 branches of the dungeon, and saw 7 of its levels.

You collected 191 gold pieces.

Inventory:

Hand Weapons
 a - a +0 war axe (weapon)
Armour
 c - a +0 shield (worn)
 t - a +0 pair of gloves (worn)
 w - a +0 chain mail (worn)
Scrolls
 e - 5 scrolls of teleportation
 g - a scroll of enchant weapon {unknown}
 k - a scroll of holy word {unknown}
 n - 3 scrolls of identify
 o - 2 scrolls of enchant armour
 u - a scroll of immolation {unknown}
 v - a scroll of magic mapping
Potions
 d - a potion of might
 i - a potion of mutation {unknown}
 l - a potion of degeneration {unknown}
 m - a potion of agility {unknown}
 p - a potion of invisibility {unknown}
 q - a potion of curing {unknown}
Books
 b - a Young Poisoner's Handbook

   Spells                             Type                      Level
   a - Sting                          Conjuration/Poison           1
   b - Poisonous Vapours              Poison/Air                   2
   c - Mephitic Cloud                 Conjuration/Poison/Air       3
   d - Olgreb's Toxic Radiance        Poison                       4
   e - Venom Bolt                     Conjuration/Poison           5
 s - a book of Cantrips

   Spells                             Type                      Level
   a - Confusing Touch                Hexes                        1
   b - Animate Skeleton               Necromancy                   1
   c - Summon Small Mammal            Summoning                    1
   d - Apportation                    Translocation                1
Comestibles
 f - 5 bread rations
 h - 4 fruits
 j - 4 meat rations


   Skills:
 + Level 7.3 Fighting
 * Level 9.9 Axes
 - Level 3.2 Armour
 - Level 3.2 Shields


You had 7 spell levels left.
You didn't know any spells.

Dungeon Overview and Level Annotations

Branches:
Dungeon (6/15)             Temple (1/1) D:5

Altars:
Ashenzari
Cheibriados
Dithmenos
Gozag
Hepliaklqana
Kikubaaqudgha
Makhleb
Nemelex Xobeh
Okawaru
Qazlal
Ru
Sif Muna
Trog
Uskayaw
Vehumet
Xom
Yredelemnul
Zin
The Shining One


Innate Abilities, Weirdness & Mutations

You have supernaturally acute eyesight. (SInv)
You do not regenerate when monsters are visible.


Message History

You hit the ogre but do no damage.
The ogre is heavily wounded.
You block the ogre's attack.
You slash the ogre!
The ogre is severely wounded.
Your shield and chain mail prevent you from hitting the iguana.
The iguana bites you but does no damage.
The ogre hits you with a giant club!!
* * * LOW HITPOINT WARNING * * *
You hit the iguana but do no damage. You hit the ogre but do no damage.
The iguana hisses menacingly.
You block the iguana's attack. You block the ogre's attack.
You slash the iguana!
The iguana is almost dead.
You hit the ogre but do no damage.
The iguana bites you but does no damage.
The ogre hits you with a giant club!
* * * LOW HITPOINT WARNING * * *
The iguana bites you!
You die...

## ..## ..# ..#
#### #.##.....
#........
#.#.###<#......
#......@ls.....
..#...##O......
###. ##..... #
..... .... ...
...


You could see an ogre, an iguana and a giant cockroach.

Vanquished Creatures
  Grinder (D:3)
  A sky beast (D:5)
  Blork the orc (D:4)
  A howler monkey (D:5)
  A crimson imp (D:5)
  A hound (D:5)
  An orc priest (D:4)
  A bullfrog zombie (D:5)
  Natasha (thrice) (D:2)
  4 worker ants
  3 iguanas
  8 adders
  An ooze (D:3)
  2 adder skeletons
  2 worms
  4 dart slugs
  4 leopard geckos
  16 orcs
  4 bats
  7 giant cockroaches
  5 goblins
  7 hobgoblins
  2 jackals (D:3)
  6 kobolds
  A quokka (D:4)
  3 ball pythons
  4 frilled lizards
  A leopard gecko skeleton (D:5)
  2 quokka skeletons (D:4)
  6 rats
  A plant (D:5)
104 creatures vanquished.

Notes
Turn   | Place    | Note
-------+----------+-------------------------------------------
     0 | D:1      | anfisbena the Hill Orc Fighter began the quest for the Orb.
     0 | D:1      | Reached XP level 1. HP: 19/19 MP: 1/1
   121 | D:1      | Reached skill level 3 in Axes
   236 | D:1      | Reached XP level 2. HP: 25/27 MP: 2/2
   379 | D:1      | Reached skill level 4 in Axes
   383 | D:1      | Reached XP level 3. HP: 29/33 MP: 3/3
  1352 | D:2      | Noticed Natasha
  1359 | D:2      | Killed Natasha
  1359 | D:2      | Reached skill level 5 in Axes
  1359 | D:2      | Reached XP level 4. HP: 33/41 MP: 4/4
  1467 | D:2      | Noticed Natasha
  1470 | D:2      | Killed Natasha
  1553 | D:2      | Noticed Natasha
  1563 | D:2      | Killed Natasha
  1563 | D:2      | Reached XP level 5. HP: 33/47 MP: 5/5
  1833 | D:2      | Reached skill level 6 in Axes
  2126 | D:3      | Reached skill level 5 in Fighting
  2422 | D:3      | Noticed Grinder
  2444 | D:3      | Killed Grinder
  2444 | D:3      | Reached skill level 7 in Axes
  2444 | D:3      | Reached XP level 6. HP: 23/57 MP: 6/6
  2887 | D:4      | Reached XP level 7. HP: 63/63 MP: 7/7
  2945 | D:4      | Reached skill level 8 in Axes
  3070 | D:4      | Noticed Blork the orc
  3084 | D:4      | Killed Blork the orc
  3747 | D:5      | Entered Level 5 of the Dungeon
  3775 | D:5      | Reached skill level 9 in Axes
  3904 | D:5      | Found a staircase to the Ecumenical Temple.
  3925 | D:5      | Got a shimmering leather armour
  3936 | D:5      | Identified the +3 leather armour of Proximity {MR+} (You found it on level 5 of the Dungeon)
  3944 | Temple   | Entered the Ecumenical Temple
  4189 | D:5      | Reached XP level 8. HP: 47/73 MP: 8/8
  4193 | D:5      | Gained mutation: You have supernaturally acute eyesight. (SInv) [mutagenic meat]
  4194 | D:5      | Gained mutation: You passively map a small area around you. [mutagenic meat]
  4195 | D:5      | Lost mutation: You passively map a small area around you. [mutagenic meat]
  4196 | D:5      | Gained mutation: You do not regenerate when monsters are visible. [mutagenic meat]
  4313 | D:5      | Found a glowing silver altar of Zin.
  4325 | D:5      | Found a hide-covered altar of Uskayaw.
  4325 | D:5      | Found a sacrificial altar of Ru.
  4327 | D:5      | Found a stormy altar of Qazlal.
  4328 | D:5      | Found an iron altar of Okawaru.
  4333 | D:5      | Became a worshipper of Uskayaw the Reveler
  4506 | D:5      | Reached * piety under Uskayaw
  4557 | D:5      | Found a burning altar of Makhleb.
  4557 | D:5      | Found a deep blue altar of Sif Muna.
  4733 | D:6      | Slain by an iguana

Skill      XL: |  1  2  3  4  5  6  7 |
---------------+----------------------+-----
Axes           | 3 4 5 7 9 |  9.9
Fighting       | 4 6 7 |  7.3
Armour         | |  3.2
Shields        | |  3.2

Action                   |  1- 3 |  4- 6 |  7- 9 || total
-------------------------+-------+-------+-------++-------
Melee: War axe           |    89 |   126 |   183 ||   398
  Use: Scroll            |       |     5 |       ||     5
  Eat: Chunk             |     1 |     6 |     9 ||    16
Armor: Scale mail        |    32 |    40 |    31 ||   103
       Leather armour    |       |       |    12 ||    12
       Chain mail        |       |       |     2 ||     2
Dodge: Dodged            |    27 |    28 |    47 ||   102
Block: Shield            |    40 |    61 |    74 ||   175
